 Dungeon Crawl Stone Soup version 0.24-a0-434-gd57e52fea8 (webtiles) character file.

Game seed: 12013800255376319936

246 theanonym the Cutter (level 5, -26/35 HPs)
             Began as a Mummy Enchanter on June 15, 2019.
             Annihilated by a two-headed ogre
             ... wielding a +0 giant club
              (28 damage)
             ... on level 4 of the Dungeon.
             The game lasted 00:05:39 (4985 turns).

theanonym the Cutter (Mummy Enchanter)              Turns: 4985, Time: 00:05:40

Health: -26/35     AC:  6    Str: 13    XL:     5   Next: 84%
Magic:  9/9        EV:  5    Int: 14    God:
Gold:   192        SH: 10    Dex: 12    Spells: 6/9 levels left

rFire    x . .     SeeInvis +   a - +2 dagger (venom)
rCold    + . .     Gourm    .   d - +0 large shield
rNeg     + + +     Faith    .   j - +0 ring mail
rPois    ∞         Spirit   .   l - +0 helmet
rElec    .         Reflect  .   (no cloak)
rCorr    .         Harm     .   (no gloves)
MR       .....                  (no boots)
Stlth    +.........             (no amulet)
HPRegen  0.11/turn              e - ring of see invisible
MPRegen  0.11/turn              (no ring)

@: no status effects
A: no food or potions, fire vulnerability, cold resistance 1, negative energy
resistance 3, torment resistance, unbreathing
a: no special abilities


Innate Abilities, Weirdness & Mutations

You do not eat or drink.
Your flesh is vulnerable to fire.
You are immune to poison.
Your flesh is cold resistant. (rC+)
You are immune to negative energy. (rN+++)
You are immune to unholy pain and torment.
You can survive without breathing.


   Skills:
 + Level 4.9 Short Blades
 - Level 1.5 Dodging
 - Level 2.4 Stealth
 - Level 2.6 Spellcasting
 - Level 2.6 Hexes


You had 6 spell levels left.
You knew the following spells:

 Your Spells              Type           Power        Failure   Level  Hunger
a - Corona                Hex            #......      99%         1    N/A
b - Ensorcelled Hibernat  Hex/Ice        #.....       100%        2    N/A

Your spell library contained the following spells:

 Spells                   Type           Power        Failure   Level  Hunger
 Confuse                  Hex            #.......     100%        3    N/A
 Dazzling Spray           Conj/Hex       #.....       100%        3    N/A
 Tukima's Dance           Hex            #.......     100%        3    N/A

Skill      XL: |  1  2  3  4 |
---------------+-------------+-----
Short Blades   | 1 2 3 4 |  4.9
Dodging        | |  1.5
Stealth        | |  2.4
Spellcasting   | |  2.6
Hexes          | |  2.6

Action                   |  1- 3 |  4- 6 || total
-------------------------+-------+-------++-------
Melee: Dagger            |   184 |    94 ||   278
       Rapier            |       |    49 ||    49
 Cast: Ensorcelled Hiber |     5 |     5 ||    10
Evoke: Wand              |       |     6 ||     6
  Use: Scroll            |       |     2 ||     2
 Stab: Sleeping          |     9 |     4 ||    13
Armor: Robe              |    11 |       ||    11
       Leather armour    |    28 |    15 ||    43
       Ring mail         |       |    21 ||    21
Dodge: Dodged            |   104 |    52 ||   156
Block: Large shield      |       |    19 ||    19

Inventory:

Hand Weapons
 a - a +2 dagger of venom (weapon)
 b - a +0 rapier
Armour
 c - a +0 leather armour
 d - a +0 large shield (worn)
 j - a +0 ring mail (worn)
 l - a +0 helmet (worn)
Jewellery
 e - a ring of see invisible (left hand)
Scrolls
 f - a scroll of fog {unknown}
 h - a scroll of amnesia {unknown}
 i - a scroll of remove curse {unknown}
 n - a scroll of enchant weapon {unknown}
 r - 4 scrolls of identify
 t - 2 scrolls of teleportation
 y - a scroll of magic mapping


You were on level 4 of the Dungeon.
You were not hungry.

You visited 1 branch of the dungeon, and saw 4 of its levels.

You collected 192 gold pieces.

Dungeon Overview and Level Annotations

Branches:
Dungeon (4/15)
 Temple: D:4-7

Altars:
Kikubaaqudgha
Makhleb
Qazlal
Sif Muna
Trog

#.........#.###.##..#(...###
#.........#.#<#.<#..........#
#.........#.#.####..#####.###
..............>..#..#.# .#
########.......#.#....# #
###.......#.##.#.#.##.#
..'.......'........# .#
###.......#.##..#####.#
#.......#.##..@O....#
#######.....).#######
#.......# #.......# #.....%.#
#.......# #.......# #.......#


You could see a two-headed ogre.

Notes
Turn   | Place    | Note
-------+----------+-------------------------------------------
     0 | D:1      | theanonym the Mummy Enchanter began the quest for the Orb.
     0 | D:1      | Reached XP level 1. HP: 13/13 MP: 4/4
    74 | D:1      | Reached skill level 1 in Short Blades
   407 | D:1      | HP: 5/13 [ooze (4)]
   409 | D:1      | HP: 2/13 [ooze (3)]
   412 | D:1      | Reached XP level 2. HP: 2/19 MP: 5/5
   724 | D:1      | Reached skill level 2 in Short Blades
   729 | D:1      | HP: 6/19 [hobgoblin (5)]
   736 | D:1      | HP: 5/19 [hobgoblin (2)]
   739 | D:1      | HP: 1/19 [hobgoblin (4)]
  1307 | D:1      | Learned a level 2 spell: Ensorcelled Hibernation
  1376 | D:1      | Reached XP level 3. HP: 24/24 MP: 7/7
  1898 | D:2      | Found a burning altar of Makhleb.
  1898 | D:2      | Found a deep blue altar of Sif Muna.
  1898 | D:2      | Found a bloodstained altar of Trog.
  2265 | D:2      | Found a stormy altar of Qazlal.
  2271 | D:2      | Reached skill level 3 in Short Blades
  2368 | D:2      | Noticed Terence
  2418 | D:2      | HP: 8/24 [Terence/+0 morningstar (8)]
  2423 | D:2      | HP: 3/24 [Terence/+0 morningstar (6)]
  2442 | D:2      | Killed Terence
  2442 | D:2      | Reached XP level 4. HP: 5/30 MP: 0/8
  2444 | D:2      | HP: 2/30 [hobgoblin[Robin] (3)]
  2803 | D:2      | Noticed Robin
  2818 | D:2      | Killed Robin
  3137 | D:2      | Noticed Jessica
  3160 | D:2      | Killed Jessica
  3160 | D:2      | Reached skill level 4 in Short Blades
  3160 | D:2      | Reached XP level 5. HP: 26/35 MP: 9/9
  3480 | D:2      | HP: 14/35 [worm (6)]
  4521 | D:2      | Found an ancient bone altar of Kikubaaqudgha.
  4598 | D:4      | Noticed a two-headed ogre
  4979 | D:4      | HP: 11/35 [two-headed ogre/+0 giant club (8)]
  4985 | D:4      | HP: 2/35 [two-headed ogre/+0 giant club (10)]
  4985 | D:4      | Annihilated by a two-headed ogre

Vanquished Creatures
  A scorpion (D:4)
  Jessica (D:2)
  Terence (D:2)
  A worker ant (D:4)
  Robin (D:2)
  2 oozes
  2 worms
  A dart slug (D:1)
  3 leopard geckos
  2 orcs
  11 bats
  2 giant cockroaches (D:1)
  10 goblins
  13 hobgoblins
  7 jackals
  13 kobolds
  A ball python (D:1)
  3 frilled lizards (D:1)
  9 rats
84 creatures vanquished.

Table legend:
 A = Turns spent in this place as a percentage of turns spent in the entire game.
 B = Non-inter-level travel turns spent in this place as a percentage of non-inter-level travel turns spent in the entire game.
 C = Inter-level travel turns spent in this place as a percentage of turns spent in this place.
 D = Turns resting spent in this place as a percentage of non-inter-level travel turns spent in this place.
 E = Turns spent auto-exploring this place as a percentage of non-inter-level travel turns spent in this place.
 F = Non-inter-level travel turns spent in this place divided by the number of levels of this place that you've seen.
                   A       B       C       D       E      F
               +-------+-------+-------+-------+-------+----------------------
         Total | 100.0 | 100.0 |   5.0 |  36.0 |  47.4 | 1184.0
       Dungeon | 100.0 | 100.0 |   5.0 |  36.0 |  47.4 | 1184.0
               +-------+-------+-------+-------+-------+----------------------
